 Dungeon Crawl Stone Soup version 0.27.1-33-g824d729ab1 (webtiles) character file.

Game seed: 18301658884915750591

1059 McKennaii the Chiller (level 7, -1/53 (55) HPs)
             Began as a Demigod Ice Elementalist on Dec 2, 2021.
             Slain by a wight (18 damage)
             ... on level 6 of the Dungeon.
             The game lasted 00:07:33 (6059 turns).

McKennaii the Chiller (Demigod Ice Elementalist)    Turns: 6059, Time: 00:07:34

HP:   -1/53 (55)    AC:  3    Str:  9    XL:     7   Next: 77%
MP:   4/17          EV: 13    Int: 25    God:
Gold: 198           SH:  0    Dex: 14    Spells: 5/16 levels left

rFire    . . .     SeeInvis .   r - +1 whip (venom)
rCold    . . .     Faith    .   (no shield)
rNeg     . . .     Spirit   .   a - +0 robe
rPois    .         Reflect  .   g - +0 helmet
rElec    .         Harm     .   (no cloak)
rCorr    .         Rampage  .   (no gloves)
Will     .....                  (no boots)
Stlth    ++........             (no amulet)
HPRegen  0.17/turn              (no ring)
MPRegen  0.15/turn              (no ring)

@: lightly drained
A: high mp 1, forlorn
a: no special abilities


You were on level 6 of the Dungeon.
You visited 1 branch of the dungeon, and saw 6 of its levels.

You collected 198 gold pieces.

Inventory:

Hand Weapons
 r - a +1 whip of venom (weapon)
Armour
 a - a +0 robe (worn)
 g - a +0 helmet (worn)
Magical Staves
 j - a staff of air
Wands
 b - a wand of polymorph (8)
 e - a wand of digging (5)
Scrolls
 d - 2 scrolls of magic mapping
 h - a scroll of fear {unknown}
 l - 2 scrolls of blinking {unknown}
 m - a scroll of brand weapon {unknown}
 p - 2 scrolls of immolation {unknown}
 s - a scroll of teleportation
Potions
 c - a potion of magic
 f - 5 potions of curing
 i - 2 potions of lignification {unknown}
 k - a potion of resistance {unknown}
 n - 2 potions of might {unknown}
 o - 2 potions of haste {unknown}
 q - a potion of heal wounds


   Skills:
 - Level 2.0 Fighting
 - Level 3.0 Dodging
 - Level 3.0 Stealth
 - Level 0.8 Unarmed Combat
 - Level 5.0 Spellcasting
 + Level 6.5 Ice Magic


You had 5 spell levels left.
You knew the following spells:

 Your Spells              Type           Power      Damage    Failure   Level
a - Freeze                Ice            100%       1d11      1%          1
b - Frozen Ramparts       Ice            78%        1d9       1%          3
c - Ozocubu's Armour      Ice            39%        N/A       1%          3
d - Hailstorm             Conj/Ice       22%        3d7       22%         4

Your spell library contained the following spells:

 Spells                   Type           Power      Damage    Failure   Level
 Slow                     Hex            6%         N/A       12%         2
 Confusing Touch          Hex            6%         N/A       24%         3
 Vampiric Draining        Necr           3%         2d6       24%         3


Dungeon Overview and Level Annotations

Branches:
Dungeon (6/15)
 Temple: D:4-7


Innate Abilities, Weirdness & Mutations

Your attributes grow dramatically as you level up.
You have an increased reservoir of magic. (+10% MP)
You shall have no god before yourself.


Message History

The wight barely misses you.
Casting: Freeze (safe; 1% risk of failure)
Confirm with . or Enter, or press ? or * to list all spells.
Aiming: Freeze (safe; 1% risk of failure)
Press: ? - help, Shift-Dir - straight line, f/p - wight
Aim: a wight, wielding a +0 great sword and wearing a +0 robe (severely damaged)
You freeze the wight.
The wight resists.
The wight is severely damaged.
The wight resists.
The wall freezes the wight.
The wight hits you but does no damage.
Casting: Freeze (safe; 1% risk of failure)
Confirm with . or Enter, or press ? or * to list all spells.
Aiming: Freeze (safe; 1% risk of failure)
Press: ? - help, Shift-Dir - straight line, f/p - wight
Aim: a wight, wielding a +0 great sword and wearing a +0 robe (almost destroyed)
You freeze the wight.
The wight resists.
The wight is almost destroyed.
The wight completely resists.
The wall freezes the wight but does no damage.
The wight misses you.
Casting: Freeze (safe; 1% risk of failure)
Confirm with . or Enter, or press ? or * to list all spells.
Aiming: Freeze (safe; 1% risk of failure)
Press: ? - help, Shift-Dir - straight line, f/p - wight
Aim: a wight, wielding a +0 great sword and wearing a +0 robe (almost destroyed)
You freeze the wight.
The wight resists.
You destroy the wight!
The frozen ramparts melt away.
Training target 5.0 for Spellcasting reached!
Your Spellcasting skill increases to level 5!
Your icy armour cracks and falls away as you move.
A wight comes into view. It is wielding a +0 long sword.
A wight comes into view. It is wielding a +3 great sword.
Things that are here:
a +0 hand axe; a +0 leather armour
Things that are here:
a +0 dagger; an orc corpse You hit the wight but do no damage.
The wight misses you.
The wight hits you with a +3 great sword!!
You die...

#. #..##..#.# #..#
#. #..##..#.# #..#
#. #........# #..#
#. #(............#
#.##.###..######.#
######.#..# #..#
..
.....!.#)####....
.# #$..zz.......##
#.###@#####... #)#
#.## #)# #)# #.#
..# #.# #.. #.#


You could see 2 wights.

Vanquished Creatures
  A sky beast (D:5)
  A black bear (D:3)
  An ogre (D:6)
  A centaur (D:5)
  A necrophage (D:5)
  A bullfrog (D:4)
  A scorpion (D:4)
  A water moccasin skeleton (D:6)
  A howler monkey (D:6)
  A wight (D:6)
  3 hounds
  2 orc priests (D:6)
  A centaur skeleton (D:6)
  Jessica (D:2)
  An orc wizard (D:5)
  A howler monkey skeleton (D:4)
  2 adders
  An adder skeleton (D:5)
  2 worms
  6 dart slugs
  9 orcs
  7 endoplasms
  3 giant cockroaches
  3 goblins
  3 hobgoblins
  13 jackals
  4 kobolds
  2 quokkas (D:1)
  8 ball pythons
  6 bats
  3 frilled lizards
  7 rats
98 creatures vanquished.

Notes
Turn   | Place    | Note
-------+----------+-------------------------------------------
     0 | D:1      | McKennaii the Demigod Ice Elementalist began the quest for
                  | the Orb.
     0 | D:1      | Reached XP level 1. HP: 14/14 MP: 5/5
   568 | D:1      | Reached XP level 2. HP: 19/20 MP: 4/7
   710 | D:1      | Reached skill level 4 in Ice Magic
  1391 | D:2      | Noticed Jessica
  1395 | D:2      | Killed Jessica
  1396 | D:2      | Reached XP level 3. HP: 26/26 MP: 5/9
  1446 | D:2      | Learned a level 3 spell: Frozen Ramparts
  2250 | D:3      | Noticed a black bear
  2305 | D:3      | Reached XP level 4. HP: 33/33 MP: 7/10
  3722 | D:4      | Noticed a bullfrog
  3731 | D:4      | Killed a bullfrog
  3732 | D:4      | Reached XP level 5. HP: 22/39 MP: 7/12
  3945 | D:4      | Reached skill level 5 in Ice Magic
  4166 | D:3      | Learned a level 3 spell: Ozocubu's Armour
  4472 | D:3      | Killed a black bear
  4473 | D:3      | Reached XP level 6. HP: 38/46 MP: 4/14
  4685 | D:5      | Entered Level 5 of the Dungeon
  5059 | D:5      | Reached skill level 1 in Fighting
  5059 | D:5      | Reached XP level 7. HP: 34/52 MP: 13/16
  5769 | D:6      | Reached skill level 6 in Ice Magic
  5780 | D:6      | Learned a level 4 spell: Hailstorm
  6057 | D:6      | Reached skill level 5 in Spellcasting
  6059 | D:6      | Slain by a wight

Illustrated notes

Levels and vault maps discovered:
D:1:      psy_arrival_statuary, layout_basic
D:2:      layout_loops_cross, hellmonk_ecumenical_altar_arch_garden,
          uniq_jessica
D:3:      layout_basic, nicolae_overflow_hidden_temple
D:4:      wander_river, layout_rooms, dk_noncrumbling_2, grunt_ministairs_2
D:5:      layout_rooms, st_stairs_14, grunt_ministairs_3
D:6:      layout_loops_ring, grunt_dithmenos_smoke, minivault_4, uniq_pikel,
          uniq_eustachio

Skill      XL: |  1  2  3  4  5  6  7 |
---------------+----------------------+-----
Dodging        | 2 3 |  3.0
Ice Magic      | 4 5 6 |  6.5
Stealth        | 2 3 |  3.0
Spellcasting   | 2 3 4 5 |  5.0
Fighting       | 1 2 |  2.0
Unarmed Combat | |  0.8

Action                   |  1- 3 |  4- 6 |  7- 9 || total
-------------------------+-------+-------+-------++-------
Melee: Unarmed           |    27 |    24 |       ||    51
       Whip              |       |     8 |    47 ||    55
 Cast: Freeze            |    67 |    68 |    11 ||   146
       Frozen Ramparts   |       |     9 |     9 ||    18
       Ozocubu's Armour  |       |     1 |     4 ||     5
  Use: Scroll            |       |     6 |       ||     6
 Stab: Sleeping          |     1 |       |       ||     1
Armor: Robe              |    23 |    14 |    20 ||    57
Dodge: Dodged            |    60 |    57 |    38 ||   155
